 Dungeon Crawl Stone Soup version 0.27.1-34-g3ba077fa99 (webtiles) character file.

Game seed: 6376684878724875155

7624 pkoi the Grappler (level 10, -1/77 HPs)
             Began as a Grey Draconian Monk on Jan 3, 2022.
             Was a Priest of Elyvilon.
             Slain by a troll (6 damage)
             ... on level 10 of the Dungeon.
             The game lasted 00:15:48 (12873 turns).

pkoi the Grappler (Grey Draconian Monk)            Turns: 12873, Time: 00:15:49

Health: -1/77      AC: 16    Str: 14    XL:     10   Next: 98%
Magic:  0/16       EV: 16    Int: 14    God:    Elyvilon [***...]
Gold:   422        SH:  0    Dex: 13    Spells: 9/9 levels left

rFire    . . .     SeeInvis .     - Unarmed
rCold    . . .     Faith    .   (no shield)
rNeg     . . .     Spirit   +   (armour unavailable)
rPois    .         Reflect  .   (helmet restricted)
rElec    .         Harm     .   (no cloak)
rCorr    .         Rampage  .   (no gloves)
Will     .....                  (no boots)
Stlth    ++........             w - amulet of guardian spirit
HPRegen  0.22/turn              f - +4 ring of protection
MPRegen  0.15/turn              y - +4 ring of evasion

@: about to teleport
A: AC +12, amphibious, unfitting armour, cold-blooded
a: Renounce Religion, Lesser Healing, Heal Other, Purification, Divine
Protection


You were on level 10 of the Dungeon.
You worshipped Elyvilon.
Elyvilon was most pleased with you.
You visited 1 branch of the dungeon, and saw 10 of its levels.

You collected 472 gold pieces.
You spent 50 gold pieces at shops.

Inventory:

Hand Weapons
 i - a +0 short sword
 k - a +3 spectral short sword
Missiles
 h - 48 poisoned darts (quivered)
Jewellery
 a - the ring "Ebisauq" {rElec rF- MP+9 Str-2 Int+10}
   (You acquired it on level 9 of the Dungeon)

   [ring of magical power]

   Str:       It affects your strength (-2).
   Int:       It affects your intelligence (+10).
   rF:        It makes you vulnerable to fire.
   rElec:     It insulates you from electricity.
   MP:        It affects your magic capacity (+9).
 f - a +4 ring of protection (left hand)
 p - an amulet of the acrobat
 w - an amulet of guardian spirit (around neck)
 y - a +4 ring of evasion (right hand)
Wands
 m - a wand of flame (20)
 o - a wand of iceblast (5)
 x - a wand of paralysis (8)
 z - a wand of polymorph (4)
Scrolls
 b - 3 scrolls of teleportation
 c - 9 scrolls of identify
 d - a scroll of enchant armour
 j - a scroll of vulnerability {unknown}
 l - a scroll of magic mapping
 u - 2 scrolls of amnesia
Potions
 e - a potion of ambrosia
 g - a potion of heal wounds
 s - a potion of cancellation
 t - a potion of might
 v - 2 potions of curing


   Skills:
 + Level 3.3 Fighting
 + Level 2.7 Dodging
 - Level 1.7 Stealth
 * Level 14.7 Unarmed Combat
 + Level 8.1 Invocations


You had 9 spell levels left.
You didn't know any spells.
Your spell library contained the following spells:

 Spells                   Type           Power      Damage    Failure   Level
 Blink                    Tloc           N/A        N/A       41%         2
 Dazzling Flash           Conj/Hex       0%         N/A       65%         3
 Lesser Beckoning         Tloc           0%         N/A       65%         3
 Iskenderun's Mystic Bla  Conj/Tloc      0%         2d3       96%         4
 Manifold Assault         Tloc           0%         N/A       100%        5
 Starburst                Conj/Fire      0%         6d3       100%        6


Dungeon Overview and Level Annotations

Branches:
Dungeon (10/15)            Temple (0/1) D:6            Lair (0/6) D:10
    Orc (0/2) D:9

Altars:
Ashenzari
Cheibriados
Dithmenos
Elyvilon
Qazlal
Ru
Sif Muna
Uskayaw
Vehumet
Zin

Shops:
D:6 *   D:7 (

Annotations:
D:3 1 runed translucent door, Crazy Yiuf
D:4 3 runed translucent doors, shadowrider38's ghost, amateur TrFi


Innate Abilities, Weirdness & Mutations

Your dull iron-grey scales are very hard. (AC +12)
You are amphibious.
You cannot fit into any form of body armour.
You are cold-blooded and may be slowed by cold attacks.


Message History

The troll is heavily wounded.
Press: ? - help, Dir - move target, f - troll Heal: a troll (chance to pacify: 44%)
The light of Elyvilon fails to reach the troll.
The troll misses you. The troll barely misses you. The troll claws you!
* * * LOW HITPOINT WARNING * * *
Unknown command.
Press: ? - help, Dir - move target, f/p - troll Heal: a troll (chance to pacify: 44%)
The light of Elyvilon fails to reach the troll.
The troll misses you. The troll barely misses you.
The troll completely misses you.
Unknown command.
Press: ? - help, Dir - move target, f/p - troll Heal: a troll (chance to pacify: 44%)
The light of Elyvilon fails to reach the troll.
The troll barely misses you. The troll claws you.
* * * LOW HITPOINT WARNING * * *
The troll closely misses you.
Unknown command.
You barely miss the troll.
The troll is moderately wounded.
The troll bites you!
* * * LOW HITPOINT WARNING * * *
The troll completely misses you. The troll barely misses you.
You barely miss the troll.
Your tail-slap misses the troll.
Your punch misses the troll.
The troll is moderately wounded.
The troll bites you but does no damage. The troll claws you.
* * * LOW HITPOINT WARNING * * *
The troll closely misses you.
You closely miss the troll.
The troll is moderately wounded.
The troll bites you.
* * * LOW HITPOINT WARNING * * *
The troll closely misses you. The troll claws you.
* * * LOW HITPOINT WARNING * * *
As you read the scroll of teleportation, it crumbles to dust.
You feel strangely unstable. The troll bites you!
You die...

###############################
#.............@T...............
#..............T#####..........
#.........#####.# #.####.###.
#.........# #.# #.####.###.
#.........# #.# ##.........
#.........# #.# #.........
#.........# #†# #.........
#.........# #.# #.........
#.........# #.# ####..≈≈≈≈≈≈≈


You could see 2 trolls.

Vanquished Creatures
  2 two-headed ogres
  A troll (D:10)
  A slime creature (D:8)
  A hornet (D:8)
  A meliai zombie (D:10)
  2 wyverns (D:8)
  5 yaks
  Menkaure (D:6)
  2 steam dragons
  7 water moccasins
  Duvessa (D:6)
  An orc warrior (D:9)
  3 black bears
  An ogre (D:6)
  2 centaurs
  A tengu (D:8)
  2 kobold brigands
  2 bullfrogs
  3 scorpions
  A gnoll sergeant (D:9)
  Dowan (D:6)
  A wyvern skeleton (D:7)
  2 electric eels (D:10)
  4 hounds
  3 jellies
  A centaur zombie (D:8)
  10 orc priests
  A centaur skeleton (D:7)
  A gnoll shaman (D:8)
  An iron imp (D:9)
  An iguana (D:4)
  Jessica (D:3)
  11 orc wizards
  Natasha (thrice) (D:4)
  A killer bee zombie (D:8)
  A hound zombie (D:5)
  2 howler monkey zombies
  8 gnolls
  5 adders
  2 white imps
  3 worms
  2 dart slugs
  27 orcs
  10 ball pythons
  8 endoplasms
  3 giant cockroaches
  4 hobgoblins
  2 jackals (D:3)
  16 kobolds
  3 quokkas
  7 bats
  2 frilled lizards (D:1)
  6 goblins
  5 rats
198 creatures vanquished.

Vanquished Creatures (others)
  2 trolls (D:10)
  A bullfrog (D:8)
  A quokka (D:4)
  A rat (D:1)
  32 fungi
  24 plants (D:10)
61 creatures vanquished.

Grand Total: 259 creatures vanquished

Notes
Turn   | Place    | Note
-------+----------+-------------------------------------------
     0 | D:1      | pkoi the Draconian Monk began the quest for the Orb.
     0 | D:1      | Reached XP level 1. HP: 19/19 MP: 1/1
   182 | D:1      | Reached XP level 2. HP: 9/26 MP: 2/2
   521 | D:1      | Reached skill level 4 in Unarmed Combat
   996 | D:2      | Reached XP level 3. HP: 31/31 MP: 3/3
  1432 | D:2      | Reached XP level 4. HP: 22/38 MP: 4/4
  2401 | D:2      | Reached skill level 5 in Unarmed Combat
  2913 | D:3      | Reached XP level 5. HP: 42/45 MP: 5/5
  3016 | D:3      | Noticed Jessica
  3023 | D:3      | Killed Jessica
  3024 | D:3      | Reached skill level 6 in Unarmed Combat
  4175 | D:3      | Found a runed translucent door.
  4176 | D:3      | Noticed Crazy Yiuf
  4429 | D:4      | Noticed a black bear
  4567 | D:4      | Noticed Natasha
  4582 | D:4      | Killed Natasha
  4583 | D:4      | Reached XP level 6. HP: 48/51 MP: 6/6
  4683 | D:4      | Noticed Natasha
  4691 | D:4      | Killed Natasha
  4692 | D:4      | Reached skill level 7 in Unarmed Combat
  5003 | D:4      | Found a runed translucent gate.
  5003 | D:4      | Found a runed translucent gate.
  5084 | D:4      | Noticed Natasha
  5093 | D:4      | Killed Natasha
  5239 | D:4      | Found a white marble altar of Elyvilon.
  5443 | D:4      | Found a runed translucent gate.
  5443 | D:4      | Noticed shadowrider38's ghost (amateur TrFi)
  5680 | D:5      | Entered Level 5 of the Dungeon
  5680 | D:5      | Found a radiant altar of Vehumet.
  5680 | D:5      | Found a stormy altar of Qazlal.
  5682 | D:5      | Found a sacrificial altar of Ru.
  5732 | D:5      | Found a shimmering blue altar of Sif Muna.
  5814 | D:5      | Reached skill level 8 in Unarmed Combat
  5814 | D:5      | Your scales start taking on a dull iron-grey colour.
  5814 | D:5      | Reached XP level 7. HP: 52/57 MP: 7/7
  6729 | D:4      | Became a worshipper of Elyvilon the Healer
  6729 | D:4      | Reached * piety under Elyvilon
  6729 | D:4      | Reached ** piety under Elyvilon
  6876 | D:6      | Noticed Duvessa
  6878 | D:6      | Noticed Dowan
  6911 | D:6      | Killed Duvessa
  6912 | D:6      | Reached skill level 1 in Invocations
  7087 | D:6      | Found Numoel's General Store.
  7094 | D:6      | Bought a scroll of teleportation for 30 gold pieces
  7094 | D:6      | Bought a scroll of identify for 20 gold pieces
  7094 | D:6      | Noticed Menkaure
  7094 | D:6      | Noticed a steam dragon
  7327 | D:6      | Found a staircase to the Ecumenical Temple.
  7367 | D:6      | Killed a steam dragon
  7368 | D:6      | Reached skill level 9 in Unarmed Combat
  7431 | D:6      | Reached XP level 8. HP: 45/63 MP: 8/10
  7597 | D:6      | Killed Menkaure
  7638 | D:6      | Killed Dowan
  8029 | D:7      | Found Qoun's Antique Weapon Emporium.
  8044 | D:7      | Reached skill level 10 in Unarmed Combat
  8939 | D:8      | Noticed a hornet
  8941 | D:8      | Reached skill level 5 in Invocations
  9091 | D:8      | Noticed a +0 falchion
  9091 | D:8      | Noticed a +0 short sword
  9091 | D:8      | Noticed a +0 spear
  9091 | D:8      | Noticed a +0 short sword
  9091 | D:8      | Noticed a +0 dagger
  9091 | D:8      | Noticed a +0 dagger
  9091 | D:8      | Noticed a +0 spear
  9094 | D:8      | Noticed a +0 falchion
  9098 | D:8      | Found a hide-covered altar of Uskayaw.
  9113 | D:8      | You fall into a shaft and drop 2 floors!
  9113 | D:10     | Entered Level 10 of the Dungeon
  9113 | D:10     | Noticed a troll
  9113 | D:10     | Noticed a troll
  9113 | D:10     | Noticed a troll
  9113 | D:10     | Noticed a deep troll
  9113 | D:10     | Noticed a troll
  9133 | D:10     | Found a staircase to the Lair.
  9166 | D:9      | Reached XP level 9. HP: 22/70 MP: 4/13
  9184 | D:9      | Reached skill level 11 in Unarmed Combat
  9367 | D:8      | Noticed Maggie
  9367 | D:8      | Reached *** piety under Elyvilon
  9384 | D:8      | Noticed Maggie
  9384 | D:8      | Maggie changed into Maggie the tengu
  9398 | D:8      | Killed Maggie the tengu
  9961 | D:8      | Noticed a two-headed ogre
  9962 | D:8      | Noticed a cyclops
  9966 | D:8      | Reached skill level 12 in Unarmed Combat
  9968 | D:8      | Noticed a seven-headed hydra
  9973 | D:8      | Killed a two-headed ogre
  9983 | D:8      | Pacified a seven-headed hydra
  9984 | D:8      | Reached XP level 10. HP: 49/77 MP: 7/15
  9992 | D:8      | Pacified a cyclops
 10531 | D:8      | Reached skill level 13 in Unarmed Combat
 10823 | D:9      | Found a glowing silver altar of Zin.
 10983 | D:9      | Found a staircase to the Orcish Mines.
 11031 | D:9      | Found a broken altar of Ashenzari.
 11451 | D:9      | Found a snail-covered altar of Cheibriados.
 11628 | D:9      | Found a shadowy altar of Dithmenos.
 11974 | D:9      | Identified a scroll of acquirement
 11974 | D:9      | Acquired the ring "Ebisauq" {rElec rF- MP+9 Str-2 Int+10}
 12023 | D:10     | Noticed a two-headed ogre
 12036 | D:10     | Killed a two-headed ogre
 12037 | D:10     | Reached skill level 14 in Unarmed Combat
 12827 | D:10     | Reached **** piety under Elyvilon
 12873 | D:10     | Slain by a troll

Illustrated notes

Levels and vault maps discovered:
D:1:      giann_wishing_wells, layout_basic, chequers_serial_rivers_micro_d
D:2:      layout_loops_corners
D:3:      layout_loops_ring, uniq_jessica, uniq_crazy_yiuf_cottage
D:4:      layout_layer_cave, elyvilon_altar_4, ebering_ghost_rock_garden,
          minmay_cupped, uniq_natasha
D:5:      layout_cave_pods, mainiacjoe_overflow_small_starburst,
          grunt_temple_overflow_open, serial_bayou_lake_a
D:6:      layout_rooms, temple_statues, serial_shops,
          nicolae_shop_temple_entry_statues_fountains, uniq_menkaure,
          uniq_duvessa
D:7:      layout_basic, serial_shops, shop
D:8:      layout_rooms, nicolae_uskayaw_en_pointe, enter_bailey_6,
          minmay_three_doors, uniq_maggie
D:9:      layout_cave_pools, slow_altar_2, mainiacjoe_overflow_six_doors_small,
          lemuel_round_altar, mainiacjoe_overflow_boulevard, orc_0_dummy
D:10:     lemuel_troll_bridge, layout_long_grid,
          nicolae_hepliaklqana_monster_ancestors,
          nicolae_wu_jian_immortal_techniques, due_lair_maze_entry_diamond

Skill      XL: |  1  2  3  4  5  6  7  8  9 10 |
---------------+-------------------------------+-----
Unarmed Combat | 4 5 6 8 9 10 12 14 | 14.7
Invocations    | 2 5 7 8 |  8.1
Fighting       | |  3.3
Dodging        | |  2.7
Stealth        | |  1.7

Action                   |  1- 3 |  4- 6 |  7- 9 | 10-12 || total
-------------------------+-------+-------+-------+-------++-------
Melee: Unarmed           |   116 |   224 |   349 |   197 ||   886
       Tailslap          |    12 |    25 |    43 |    27 ||   107
       Punch             |     2 |     4 |    12 |    13 ||    31
       Short sword       |       |       |       |    27 ||    27
Throw: Dart              |       |       |     2 |       ||     2
Invok: Heal Other        |       |       |     3 |     8 ||    11
Evoke: Wand              |       |       |    10 |     3 ||    13
  Use: Potion            |       |       |    10 |       ||    10
       Scroll            |       |       |     2 |    12 ||    14
 Stab: Sleeping          |     3 |     3 |     1 |       ||     7
Armor: Skin              |    53 |    93 |   205 |    93 ||   444
Dodge: Dodged            |    91 |   119 |   264 |   196 ||   670
